Map: Heavy Artillery LE

Players

Friedolin - Winner!

  • Race: Protoss Protoss
  • League: Platinum
  • Spawn Location: 7:00

MewNik - Winner!

  • Race: Zerg Zerg
  • League: Diamond
  • Spawn Location: 7:00

Massa

  • Race: Terran Terran
  • League: Platinum
  • Spawn Location: 1:00

qqq

  • Race: Zerg Zerg
  • League: Platinum
  • Spawn Location: 3:00

VOD

Have the link to the VOD?

Description

Time

  • Played on: Nov. 24, 2020, 2:24 p.m.
  • Length: 15:00
Show
View Real Time Build Order
Export as new Build Order

Friedolin Protoss - Winner!

Build Orders: 1 Gate Expand, Carriers 

Get SALT Encoding   

  12  0:00  Probe  
  13  0:18  Pylon  
  13  0:19  Probe  
  14  0:31  Probe  
  15  0:40  Gateway  
  15  0:43  Probe (Chrono Boost)  
  16  0:53  Probe (Chrono Boost), Assimilator  
  17  0:58  Probe (Chrono Boost)  
  18  1:10  Probe  
  19  1:24  Probe  
  20  1:27  Nexus  
  20  1:36  Cybernetics Core  
  20  1:43  Assimilator  
  20  1:44  Probe (Chrono Boost)  
  21  1:53  Probe (Chrono Boost)  
  22  1:55  Pylon  
  22  2:03  Probe  
  22  2:05  Pylon  
  23  2:10  Adept (Chrono Boost)  
  25  2:24  Stargate  
  25  2:25  Probe  
  26  2:40  Probe (Chrono Boost)  
  26  2:43  Probe (Chrono Boost)  
  28  2:51  Stalker  
  31  2:53  Probe (Chrono Boost)  
  31  2:54  Probe (Chrono Boost)  
  31  2:58  Probe (Chrono Boost)  
  32  3:01  Probe  
  32  3:02  Void Ray  
  34  3:10  Probe (Chrono Boost)  
  39  3:19  Probe (Chrono Boost)  
  41  3:21  Probe (Chrono Boost), Warp Gate  
  41  3:22  Gateway  
  41  3:28  Adept  
  41  3:30  Probe  
  41  3:31  Probe  
  45  3:39  Pylon  
  45  3:42  Probe  
  45  3:43  Probe  
  45  3:44  Void Ray  
  47  3:54  Probe  
  52  3:55  Probe  
  52  3:57  Assimilator  
  53  4:02  Assimilator  
  53  4:05  Pylon  
  53  4:07  Probe x2  
  55  4:10  Forge  
  55  4:15  Gateway  
  55  4:36  Void Ray (Chrono Boost)  
  55  4:41  Stalker x2  
  63  4:58  Probe  
  63  4:59  Probe  
  65  5:11  Probe x2  
  67  5:16  Fleet Beacon  
  67  5:20  Pylon  
  67  5:24  Gateway  
  67  5:28  Stalker  
  69  5:34  Pylon  
  69  5:41  Pylon  
  65  5:44  Pylon  
  65  5:46  Pylon  
  65  5:50  Void Ray  
  65  5:54  Pylon  
  65  5:55  Protoss Ground Weapons Level 1  
  69  5:58  Pylon  
  69  6:17  Stargate  
  69  6:20  Flux Vanes  
  69  6:24  Protoss Air Weapons Level 1 (Chrono Boost)  
  69  6:26  Nexus  
  69  6:34  Void Ray  
  69  6:35  Robotics Facility  
  73  6:49  Pylon  
  73  6:50  Pylon  
  73  6:52  Pylon  
  73  6:53  Pylon  
  73  6:56  Pylon  
  73  6:57  Pylon  
  73  7:00  Assimilator  
  73  7:03  Zealot x4  
  73  7:04  Assimilator  
  73  7:07  Twilight Council  
  81  7:17  Tempest  
  87  7:23  Observer  
  87  7:26  Tempest  
  87  7:29  Zealot x4  
  100  7:41  Photon Cannon  
  100  7:43  Photon Cannon  
  96  7:45  Photon Cannon  
  96  7:47  Shield Battery  
  96  7:49  Zealot  
  96  7:50  Zealot x2  
  83  8:13  Observer  
  83  8:14  Tempest x2 (Chrono Boost)  
  93  8:24  Zealot x3  
  93  8:26  Protoss Air Weapons Level 2 (Chrono Boost)  
  99  8:29  Probe (Chrono Boost)  
  99  8:33  Probe x2 (Chrono Boost)  
  102  8:39  Probe (Chrono Boost)  
  104  8:43  Probe (Chrono Boost)  
  104  8:44  Probe (Chrono Boost)  
  105  8:55  Probe (Chrono Boost), Carrier (Chrono Boost)  
  106  8:59  Zealot x2  
  116  9:04  Observer  
  116  9:05  Probe (Chrono Boost)  
  116  9:08  Protoss Shields Level 1 (Chrono Boost)  
  116  9:09  Gateway  
  118  9:10  Probe (Chrono Boost)  
  118  9:11  Gateway  
  119  9:20  Charge  
  119  9:21  Probe  
  120  9:34  Stargate  
  120  9:42  Tempest, Nexus  
  125  9:49  Pylon  
  125  9:51  Carrier  
  125  9:53  Pylon  
  125  9:57  Pylon  
  125  10:00  Assimilator  
  125  10:05  Assimilator  
  131  10:07  Stalker x2  
  131  10:08  Zealot  
  131  10:10  Zealot  
  131  10:13  Zealot  
  141  10:24  Carrier  
  147  10:29  Carrier  
  153  10:49  Templar Archives  
  153  10:58  Zealot x5  
  153  10:59  Zealot  
  157  11:22  Zealot x6  
  93  11:42  Carrier x2 (Chrono Boost)  
  93  11:46  Carrier (Chrono Boost)  
  103  12:28  Stalker x4  
  103  12:29  Stalker x2  
  107  12:32  Probe x4  
  106  12:43  Carrier x2 (Chrono Boost)  
  102  12:44  Probe x3  
  116  12:55  Psionic Storm  
  116  13:00  Probe  
  116  13:01  Probe x3  
  116  13:03  High Templar x2  
  116  13:04  High Templar x2  
  128  13:08  Archon x2  
  128  13:13  Probe  
  129  13:26  Carrier  
  135  13:28  Zealot x2  
  135  13:33  Observer  
  140  13:45  Stalker x2  
  140  13:46  Stalker x2  
  148  13:52  Tempest, Nexus  
  159  14:30  Photon Cannon  
  159  14:32  Photon Cannon  
  159  14:34  Photon Cannon  
  159  14:37  Shield Battery  
  159  14:39  Stalker x2  
  159  14:40  Stalker  
  159  14:41  Shield Battery  
  159  14:44  Shield Battery  
  165  14:51  Stalker x3  
Show
View Real Time Build Order
Export as new Build Order

MewNik Zerg - Winner!

Build Orders: Hatch First 

Get SALT Encoding   

  12  0:00  Drone  
  13  0:13  Overlord  
  13  0:16  Drone  
  14  0:31  Drone x2  
  14  0:35  Drone  
  17  0:56  Drone  
  18  0:59  Hatchery, Drone  
  18  1:10  Extractor  
  17  1:15  Spawning Pool  
  17  1:18  Drone  
  17  1:22  Drone  
  18  1:28  Drone  
  19  1:42  Drone  
  20  1:50  Drone  
  21  2:01  Overlord  
  21  2:10  Queen  
  21  2:12  Queen  
  21  2:14  Overlord  
  25  2:15  Zergling x2  
  25  2:22  Drone x2  
  28  2:27  Metabolic Boost  
  28  2:32  Drone  
  29  2:37  Drone  
  30  2:44  Drone x2  
  32  2:51  Queen x2  
  32  2:56  Drone x2  
  38  3:07  Drone x2  
  40  3:17  Hatchery  
  40  3:18  Drone x2  
  41  3:31  Overlord x2  
  41  3:33  Zergling x6  
  44  3:51  Zergling x6  
  44  3:52  Zergling x8  
  51  3:56  Baneling Nest  
  51  3:57  Queen, Lair  
  51  4:01  Overlord  
  52  4:08  Overlord  
  52  4:20  Zergling x16  
  55  4:24  Zergling x2  
  55  4:35  Zergling x2  
  55  4:36  Zergling x2  
  54  4:43  Zergling x2  
  46  5:03  Zergling x2  
  46  5:04  Zergling x6  
  48  5:14  Zergling x4  
  48  5:15  Zergling x10  
  53  5:24  Centrifical Hooks  
  53  5:25  Zergling x2, Evolution Chamber  
  53  5:26  Zergling x2  
  51  5:32  Zergling x2  
  50  5:44  Zergling x2  
  50  5:45  Zergling x8  
  50  5:49  Zergling x2  
  59  5:50  Zergling x22  
  67  6:00  Drone  
  67  6:01  Drone  
  67  6:02  Extractor  
  68  6:12  Queen  
  68  6:15  Drone x4  
  68  6:17  Overlord x2  
  68  6:18  Overlord  
  74  6:20  Zerg Melee Weapons Level 1  
  57  6:28  Overseer  
  57  6:45  Evolution Chamber  
  56  6:47  Drone x15  
  56  6:51  Extractor  
  56  6:52  Extractor  
  69  6:58  Extractor x2  
  67  7:15  Zerg Missile Weapons Level 1  
  67  7:21  Hydralisk Den  
  66  7:23  Drone x15  
  81  7:48  Baneling  
  81  7:49  Baneling x10  
  81  7:53  Hatchery  
  81  7:58  Drone x14  
  94  8:15  Spore Crawler  
  94  8:16  Spore Crawler x2  
  94  8:18  Spore Crawler  
  90  8:39  Zerg Melee Weapons Level 2  
  90  8:41  Grooved Spines  
  90  8:45  Infestation Pit  
  89  8:48  Hatchery  
  89  8:54  Drone x2  
  90  9:05  Spire  
  89  9:22  Pneumatized Carapace, Hive  
  89  9:24  Overlord x3  
  89  9:25  Overlord x11  
  89  9:27  Overseer x3  
  89  9:39  Baneling x10  
  89  9:40  Baneling x8  
  89  9:48  Queen  
  89  9:52  Queen, Muscular Augments  
  91  9:58  Zerg Missile Weapons Level 2  
  93  10:01  Hydralisk x8  
  109  10:12  Hatchery  
  108  10:24  Drone x8  
  108  10:25  Drone x5  
  108  10:26  Hydralisk x4  
  129  10:33  Spine Crawler  
  129  10:34  Spine Crawler  
  127  10:35  Spine Crawler  
  127  10:36  Extractor  
  127  10:39  Extractor  
  110  10:53  Hydralisk x3  
  110  10:54  Hydralisk x6  
  128  11:10  Zergling x2  
  131  11:11  Zergling x32  
  145  11:20  Hydralisk  
  145  11:21  Hydralisk x4  
  145  11:33  Baneling  
  145  11:34  Baneling x11  
  141  11:45  Overlord x2  
  141  11:48  Overseer x2  
  141  11:49  Overseer x3  
  141  11:53  Zerg Melee Weapons Level 3  
  141  11:55  Adrenal Glands  
  141  12:04  Hydralisk  
  141  12:05  Hydralisk x3  
  141  12:07  Zergling x10  
  141  12:08  Zergling x26  
  167  12:16  Drone x8  
  172  12:58  Overseer x7  
  107  13:22  Hydralisk  
  107  13:23  Hydralisk x30  
  156  13:52  Zergling x8  
  156  13:53  Zergling x20  
  170  14:07  Extractor  
  169  14:11  Extractor  
  169  14:13  Extractor  
  169  14:15  Baneling  
  169  14:16  Baneling x27  
  167  14:18  Extractor, Zergling x2  
  167  14:19  Zergling x36  
  167  14:20  Zergling x4  
  187  14:39  Zergling x8  
  187  14:40  Zergling x18  
Show
View Real Time Build Order
Export as new Build Order

Massa Terran 

Build Orders: 2 Factory, Hellion Opening 

Get SALT Encoding   

  12  0:00  SCV  
  13  0:12  SCV  
  14  0:23  Supply Depot  
  14  0:24  SCV  
  15  0:30  Refinery  
  15  0:45  SCV  
  15  0:46  Barracks  
  16  0:57  SCV  
  17  1:09  SCV  
  18  1:21  SCV  
  19  1:31  Refinery  
  19  1:32  Marine  
  19  1:33  SCV  
  21  1:40  Factory  
  21  1:45  SCV  
  22  1:51  Barracks Reactor  
  22  1:57  Orbital Command  
  22  2:12  Command Center  
  22  2:25  Factory  
  22  2:45  Supply Depot  
  22  2:47  SCV  
  23  2:55  Barracks Tech Lab  
  23  3:06  SCV, Hellion x2  
  23  3:07  Supply Depot  
  23  3:10  Supply Depot  
  28  3:23  Supply Depot  
  28  3:25  Hellion  
  28  3:26  Infernal Pre-Igniter  
  30  3:30  Hellion  
  32  3:34  SCV  
  32  3:37  SCV  
  34  3:46  SCV  
  34  3:48  Hellion x2  
  39  3:53  Orbital Command  
  39  4:00  SCV  
  40  4:04  Engineering Bay  
  40  4:11  Hellion  
  40  4:12  SCV, Hellion  
  40  4:16  Widow Mine  
  47  4:33  Widow Mine x2  
  47  4:38  Missile Turret  
  51  4:42  SCV x2, Missile Turret  
  49  4:54  SCV x2  
  37  5:08  Widow Mine x3  
  43  5:26  SCV x2  
  41  5:29  Starport, Widow Mine x3  
  41  5:32  Factory  
  47  5:38  SCV x2, Barracks  
  47  5:41  Barracks  
  49  5:50  SCV x2  
  49  5:51  Widow Mine x2, Cyclone  
  49  5:56  Refinery  
  58  6:02  SCV x2  
  60  6:14  SCV  
  61  6:32  Widow Mine x2  
  65  6:33  Cyclone  
  65  6:36  Barracks Reactor x2, Barracks Tech Lab  
  65  6:38  Factory Tech Lab  
  65  6:39  Starport Reactor  
  68  6:43  Refinery  
  68  6:49  Command Center  
  68  6:52  Command Center  
  68  7:02  Armory  
  68  7:10  Stimpack  
  68  7:11  Marine x2  
  70  7:20  Supply Depot x2  
  70  7:21  Supply Depot  
  70  7:22  Supply Depot  
  70  7:41  Marine x5  
  73  7:44  Supply Depot  
  73  7:47  Supply Depot  
  72  7:59  Marine x5  
  69  8:12  Thor x2  
  75  8:14  Widow Mine x2  
  75  8:16  Medivac x2  
  75  8:17  Marine x5  
  84  8:28  Orbital Command  
  84  8:34  Marine x5  
  84  8:37  SCV x2  
  91  8:44  Terran Infantry Armor Level 1  
  91  8:47  Engineering Bay  
  91  8:49  SCV x2, Combat Shield  
  91  8:52  Marine x2, Supply Depot  
  91  8:55  Widow Mine x2, Missile Turret  
  99  8:58  Drilling Claws  
  99  9:01  SCV  
  100  9:05  Viking x2  
  100  9:08  Marine x3  
  107  9:15  Supply Depot  
  107  9:17  Missile Turret  
  107  9:28  Planetary Fortress  
  107  9:30  SCV x2  
  107  9:31  SCV  
  110  9:37  Missile Turret  
  110  9:39  Missile Turret  
  110  9:42  SCV  
  111  9:48  Thor x2  
  111  9:50  Widow Mine x2  
  127  9:59  Refinery  
  127  10:00  SCV x3  
  127  10:03  Refinery  
  130  10:12  SCV x3  
  133  10:14  Missile Turret  
  133  10:16  Medivac  
  133  10:17  Medivac  
  133  10:18  Sensor Tower  
  137  10:22  Widow Mine x2  
  137  10:24  SCV x3  
  144  10:36  SCV  
  139  10:55  Command Center  
  135  11:07  Marauder, Marine  
  135  11:08  Marine x3  
  137  11:25  Marine  
  113  11:26  Marine x3, Thor x2  
  113  11:29  Widow Mine x2, Marauder  
  103  11:43  Marine x2  
  103  11:44  Marine x2  
  103  11:50  Marauder  
  97  12:01  Marine x2  
  92  12:09  Barracks, Thor  
  92  12:11  Barracks, Marauder  
  100  12:18  Barracks  
  100  12:19  Barracks  
  99  12:26  Marine x4  
  103  12:33  Marauder  
  105  12:43  Marine  
  99  12:44  Marine x3  
  100  12:54  Marauder  
  92  13:02  Marine x2  
  92  13:04  Barracks Reactor, Barracks Tech Lab  
  86  13:07  Marine  
  86  13:08  Marine  
  76  13:16  Marauder  
  64  13:20  Marine x2  
  64  13:24  SCV x2  
  64  13:25  SCV, Marine x2  
  69  13:36  SCV  
  69  13:37  SCV x2, Marauder, Marine x2  
  76  13:43  Marine x2  
  78  13:48  SCV  
  78  13:49  SCV  
  78  13:55  Marine x2  
  79  13:56  Marauder  
  79  13:58  Marauder  
  86  14:04  Marine  
  86  14:05  Marine x3  
  89  14:13  Marine x2  
  91  14:17  Marauder  
  91  14:19  Marine  
  91  14:21  Factory Tech Lab  
  94  14:39  Marauder  
Show
View Real Time Build Order
Export as new Build Order

qqq Zerg 

Build Orders: Hatch First 

Get SALT Encoding   

  12  0:00  Drone  
  13  0:11  Drone  
  14  0:18  Overlord  
  14  0:45  Drone  
  15  1:05  Drone  
  15  1:07  Drone  
  15  1:09  Hatchery  
  16  1:16  Spawning Pool  
  15  1:20  Extractor  
  15  1:21  Drone  
  15  1:25  Drone  
  16  1:41  Drone x2  
  18  1:49  Drone  
  19  2:01  Drone  
  20  2:10  Queen  
  20  2:12  Overlord  
  22  2:28  Drone  
  23  2:30  Queen  
  23  2:31  Drone  
  23  2:32  Zergling x2  
  23  2:34  Metabolic Boost  
  27  2:52  Zergling x2  
  27  2:56  Drone x3  
  27  2:57  Zergling x2  
  31  3:07  Spine Crawler  
  30  3:14  Baneling Nest  
  30  3:15  Zergling x2  
  30  3:17  Drone  
  30  3:18  Zergling x2  
  32  3:25  Drone  
  32  3:26  Zergling x6  
  36  3:27  Spine Crawler  
  36  3:29  Drone  
  36  3:36  Overlord  
  36  3:42  Overlord  
  36  3:54  Zergling x2  
  37  4:04  Drone  
  37  4:09  Hatchery  
  37  4:20  Queen  
  31  4:27  Spine Crawler  
  30  4:34  Zergling x8  
  34  4:42  Zergling x6  
  36  4:46  Spore Crawler  
  33  4:52  Lair  
  33  4:54  Zergling x6  
  29  5:40  Drone x2  
  28  5:44  Drone x2  
  28  5:45  Drone x4  
  28  5:49  Extractor  
  28  5:53  Spire  
  28  5:56  Drone x2  
  29  6:05  Hatchery  
  29  6:07  Drone x2  
  30  6:12  Spore Crawler  
  30  6:14  Drone  
  30  6:30  Overlord  
  30  6:31  Overlord x2  
  30  6:32  Drone x2  
  32  6:39  Queen  
  34  6:47  Drone x2  
  36  6:59  Drone  
  37  7:01  Infestation Pit  
  37  7:04  Mutalisk x3  
  42  7:09  Zerg Flyer Weapons Level 1  
  42  7:13  Drone x2  
  44  7:18  Drone  
  44  7:19  Mutalisk  
  47  7:32  Mutalisk  
  47  7:33  Drone  
  47  7:34  Drone x2  
  52  7:47  Drone  
  52  7:48  Drone x4  
  57  7:51  Extractor  
  57  7:53  Extractor  
  57  7:56  Drone  
  56  7:58  Mutalisk  
  56  8:01  Drone x2  
  60  8:06  Overlord  
  60  8:18  Hive  
  60  8:20  Hatchery  
  59  8:27  Drone  
  59  8:28  Drone x7  
  59  8:31  Extractor  
  59  8:32  Extractor  
  65  8:35  Drone  
  66  8:46  Drone  
  66  8:48  Queen  
  69  8:57  Mutalisk  
  69  8:58  Hatchery, Mutalisk  
  69  9:01  Drone  
  69  9:02  Drone  
  74  9:03  Zerg Flyer Armor Level 1  
  74  9:14  Drone  
  74  9:15  Mutalisk x2  
  79  9:23  Mutalisk  
  81  9:37  Viper  
  84  9:47  Drone  
  84  9:48  Drone x3  
  84  9:49  Overlord x2  
  84  9:50  Overlord x3  
  84  9:52  Overlord x3  
  88  10:09  Drone x2  
  88  10:10  Drone x3  
  93  10:16  Viper  
  93  10:17  Viper  
  93  10:18  Mutalisk  
  93  10:20  Drone x2  
  103  10:23  Mutalisk  
  105  10:30  Mutalisk  
  107  10:36  Drone  
  107  10:37  Drone  
  107  10:38  Drone x3  
  107  10:39  Mutalisk  
  114  10:55  Mutalisk x3  
  120  10:57  Zerg Flyer Weapons Level 2  
  115  11:18  Mutalisk x4  
  106  11:26  Mutalisk  
  106  11:30  Drone x6  
  106  11:41  Drone, Mutalisk x3  
  111  12:04  Mutalisk x3  
  94  12:17  Mutalisk x2  
  98  12:24  Mutalisk  
  98  12:25  Mutalisk  
  98  12:26  Drone x3  
  98  12:27  Drone x3  
  102  12:43  Mutalisk x2  
  102  12:44  Mutalisk  
  99  12:49  Mutalisk  
  79  13:07  Mutalisk x2  
  77  13:15  Mutalisk  
  79  13:55  Hatchery  
  78  13:57  Mutalisk x4  
  86  14:03  Hatchery  
  85  14:14  Hatchery  
  84  14:17  Hatchery  
Tags
 
Add a new tag
Caveats
  • Supply blocks, unpowered buildings, or Contaminate may cause inaccurate times.
  • Supply counts are checked every 10 seconds.